 Dungeon Crawl Stone Soup version 0.25.1-2-g60ff931df9 (webtiles) character file.

Game seed: 11765780854159585240

222208 Curus the Executioner (level 19, -1/270 HPs)
             Began as a Hill Orc Fighter on Sept 29, 2020.
             Was the Champion of Okawaru.
             Slain by an enormous slime creature (25 damage)
             ... on level 3 of the Abyss.
             The game lasted 03:46:32 (36858 turns).

Curus the Executioner (Hill Orc Fighter)           Turns: 36858, Time: 03:46:33

Health: -1/270     AC: 30    Str: 26    XL:     19   Next: 62%
Magic:  2/28       EV: 12    Int:  8    God:    Okawaru [******]
Gold:   453        SH:  5    Dex: 16    Spells: 18/18 levels left

rFire    + . .     SeeInvis .   F - +6 executioner's axe (venom)
rCold    + . .     Gourm    .   (shield currently unavailable)
rNeg     + . .     Faith    .   a - +5 plate armour "Uqarr" {rF+ rC+ rN+ rCorr}
rPois    .         Spirit   .   J - +2 hat {MR+}
rElec    .         Reflect  +   U - scarf {repulsion}
rCorr    +         Harm     .   j - +2 pair of gloves {Str+3}
MR       ++...     Clarity  +   B - +0 pair of boots
Stlth    ..........             C - amulet of reflection
HPRegen  0.55/turn              O - +4 ring of evasion
MPRegen  0.21/turn              E - +4 ring of slaying

@: berserking, very slightly contaminated, repel missiles, very quick
A: hooves 1, agile 1, clarity, wild magic 1
a: Heroism, Finesse, Renounce Religion


You were on level 3 of the Abyss.
You worshipped Okawaru.
Okawaru was exalted by your worship.
You were not hungry.

You visited 8 branches of the dungeon, and saw 33 of its levels.
You visited the Abyss 1 time.
You also visited: Ossuary, Ice Cave and Volcano.

You collected 3390 gold pieces.
You spent 2937 gold pieces at shops.

Inventory:

Hand Weapons
 F - a +6 executioner's axe of venom (weapon)
Armour
 a - the +5 plate armour "Uqarr" (worn) {rF+ rC+ rN+ rCorr}
   (Okawaru gifted it to you on level 15 of the Dungeon)

   It protects you from fire.
   It protects you from cold.
   It protects you from negative energy.
   It provides partial protection from all sources of acid and corrosion.
 j - a +2 pair of gloves of strength (worn)
 B - a +0 pair of boots (worn)
 J - a +2 hat of magic resistance (worn)
 U - a scarf of repulsion (worn)
 W - a +1 helmet
 Z - a +2 cloak of fire resistance
Jewellery
 h - an uncursed amulet of regeneration
 n - an uncursed ring of poison resistance
 p - an uncursed ring of resist corrosion
 C - an amulet of reflection (around neck)
 E - a +4 ring of slaying (right hand)
 H - the ring of Acaleon {rN++ MR+ Int+3 Dex-5 Slay+4}
   (You found it on level 11 of the Dungeon)

   [ring of slaying]

   It affects your intelligence (+3).
   It affects your dexterity (-5).
   It affects your accuracy and damage with ranged weapons and melee attacks
   (+4).
   It greatly protects you from negative energy.
   It affects your resistance to hostile enchantments.
 O - a +4 ring of evasion (left hand)
 X - an uncursed ring of protection from magic
Wands
 s - a wand of digging (5)
 y - a wand of paralysis (9)
 z - a wand of random effects (30)
 A - a wand of clouds (6)
 G - a wand of flame (9)
 R - a wand of polymorph (29)
 V - a wand of iceblast (21)
 Y - a wand of acid (17)
Scrolls
 e - 12 scrolls of remove curse
 g - 19 scrolls of teleportation
 i - 13 scrolls of identify
 m - 2 scrolls of enchant weapon
 q - 5 scrolls of blinking
 D - 10 scrolls of amnesia
 L - 2 scrolls of fog
 Q - 4 scrolls of magic mapping
 T - 2 scrolls of fear
Potions
 b - a potion of heal wounds
 c - a potion of magic
 d - 6 potions of might
 k - 3 potions of cancellation
 l - 2 potions of invisibility
 r - 5 potions of ambrosia
 u - a potion of brilliance
 w - 12 potions of stabbing
 x - 3 potions of flight
 I - 9 potions of curing
 N - 2 potions of resistance
 S - 6 potions of haste
Miscellaneous
 o - a lightning rod (4/4)
 v - a phantom mirror
 M - a box of beasts
 P - a lightning rod (4/4)
Comestibles
 f - 61 rations
 K - 7 chunks of flesh


   Skills:
 + Level 18.4 Fighting
 - Level 26.0 Axes
 + Level 17.1 Armour
   Level 3.2 Shields
 - Level 7.6 Invocations
 - Level 12.9 Evocations


You had 18 spell levels left.
You didn't know any spells.
Your spell library contained the following spells:

 Spells                   Type           Power        Failure   Level  Hunger
 Animate Skeleton         Necr           N/A          97%         1    ##.....
 Foxfire                  Conj/Fire      #...         97%         1    ##.....
 Magic Dart               Conj           #...         97%         1    ##.....
 Pain                     Necr           #...         97%         1    ##.....
 Summon Small Mammal      Summ           #...         97%         1    ##.....
 Call Imp                 Summ           #.......     99%         2    ###....
 Sublimation of Blood     Necr           #.........   99%         2    ###....
 Call Canine Familiar     Summ           #.......     100%        3    ####...
 Dazzling Flash           Conj/Hex       #.....       100%        3    ####...
 Ignite Poison            Fire/Tmut/Pois #.......     100%        3    ####...
 Summon Guardian Golem    Hex/Summ       #.......     100%        3    ####...
 Vampiric Draining        Necr           #.........   100%        3    ####...
 Animate Dead             Necr           N/A          100%        4    #####..
 Cause Fear               Hex            #.........   100%        4    #####..
 Petrify                  Tmut/Erth      #.......     100%        4    #####..
 Summon Ice Beast         Ice/Summ       #.......     100%        4    #####..
 Summon Lightning Spire   Summ/Air       #.......     100%        4    #####..
 Agony                    Necr           #.......     100%        5    ######.
 Alistair's Intoxication  Tmut/Pois      #.......     100%        5    ######.
 Irradiate                Conj/Tmut      #.........   100%        5    ######.
 Silence                  Hex/Air        #.........   100%        5    ######.
 Yara's Violent Unravell  Hex/Tmut       #.........   100%        5    ######.
 Conjure Ball Lightning   Conj/Air       #.........   100%        6    #######
 Eringya's Noxious Bog    Tmut/Pois      #.........   100%        6    #######
 Iron Shot                Conj/Erth      #.........   100%        6    #######
 Dragon Form              Tmut           #.........   100%        7    #######
 Discord                  Hex            #.........   100%        8    #######
 Dragon's Call            Summ           #.........   100%        9    #######


Dungeon Overview and Level Annotations

Branches:
Dungeon (15/15)            Temple (1/1) D:5            Lair (6/6) D:11
 Shoals (2/4) Lair:4        Snake (3/4) Lair:3        Slime (0/5) Lair:5
    Orc (2/2) D:12            Elf (2/3) Orc:2        Vaults (0/5) D:14
 Depths (2/5) D:15        Ossuary (visited)           IceCv (visited)
Volcano (visited)

Altars:
Ashenzari
Cheibriados
Dithmenos
Elyvilon
Fedhas
Gozag
Hepliaklqana
Kikubaaqudgha
Makhleb
Nemelex Xobeh
Okawaru
Qazlal
Ru
Sif Muna
Trog
Vehumet
Xom
Yredelemnul
Zin
The Shining One
Beogh
Jiyva

Shops:
D:4 }   Orc:1 :   Orc:2 %}[[!   Elf:1 [   Snake:1 }}=   Snake:2 =
Depths:1 [?*(

Portals:
Hell: Depths:1
Abyss: Depths:1
Trove: D:13 (give +4 fire dragon scales)


Innate Abilities, Weirdness & Mutations

You have large cloven feet.
You are agile. (Dex +2)
You possess an exceptional clarity of mind.
Your spells are a little harder to cast, but a little more powerful.


Message History

You kill the cacodemon!
Okawaru accepts your kill.
A large slime creature splits.
You chop the enormous slime creature into pieces!!!
The enormous slime creature is severely wounded.
You slash the large abomination! You slash the slime creature!
Your plate armour "Uqarr" prevents you from hitting the slime creature.
You slice the golden eye!!
You kill the golden eye!
Okawaru accepts your kill.
You slice the enormous slime creature!!
The enormous slime creature is almost dead.
You slash the slime creature!
The slime creature looks as sick as possible!
You slash the slime creature! You slice the large abomination!!
You destroy the large abomination!
Okawaru accepts your kill.
You feel your intelligence returning. You block the slime creature's attack.
The enormous slime creature hits you!!
You die...

#..# z
###≈..#####
#≈§§§§....
##.§§§#....
#≈§§§§§...
#.§'§X.zX#
#.§§J.XXX.
##..Jx2J#+#
#....J@Jx#
##..XX##∩#
###### .#
.. .# .# #


You could see a cacodemon, an enormous slime creature (extremely poisoned), a
large slime creature, 3 slime creatures, 7 large abominations, a small
abomination, a flying skull and a macabre mass.

Vanquished Creatures
  Saint Roka (Depths:1)
  An Executioner (Abyss:3)
  Gastronok (D:11)
  2 fire giants (Depths:2)
  2 cacodemons (Abyss:3)
  An orc warlord (Orc:1)
  Aizul (Snake:3)
  3 frost giants (Depths:2)
  2 stone giants (Depths:1)
  A very ugly thing (Depths:1)
  A deep elf annihilator (Elf:2)
  Snorg (D:14)
  3 ettins
  3 jiangshi
  3 deep elf death magi
  A vault guard (D:14)
  A yaktaur captain (Depths:1)
  A fire dragon (Depths:1)
  2 deep elf high priests (Elf:1)
  Fannar (Lair:3)
  A hydra (shapeshifter) (D:15)
  A great orb of eyes (Depths:2)
  2 rakshasas
  A merfolk avatar (Lair:6)
  4 naga warriors
  7 hydras
  3 centaur warriors (D:15)
  A merfolk aquamancer (Shoals:1)
  24 dancing weapons
  Erica (Lair:2)
  5 anacondas
  7 two-headed ogres
  11 death yaks
  2 ogre magi
  6 tengu warriors
  A deep troll shaman (Depths:1)
  2 vampire magi (Depths:2)
  6 orc high priests
  6 shock serpents
  Urug (Lair:3)
  11 deep elf knights
  An iron troll (Depths:2)
  15 naga sharpshooters
  A fire crab (shapeshifter) (D:15)
  A salamander mystic (Snake:1)
  10 large abominations (Abyss:3)
  A deep troll (Depths:2)
  3 unseen horrors
  6 sea snakes
  The ghost of DerDa the Skirmisher, a novice GrFi of the Shining One (D:8)
  5 wizards (Volcano)
  A lindwurm (shapeshifter) (Depths:1)
  9 deep elf archers
  2 glowing orange brains
  5 naga ritualists
  A wolf spider zombie (D:15)
  9 mana vipers
  An orange crystal statue (Lair:4)
  Pikel (D:6)
  5 orc knights (Orc:2)
  53 deep elf magi
  5 manticores
  2 fauns (Shoals:2)
  5 cyclopes
  6 orc sorcerers
  A shining eye (Abyss:3)
  A salamander (Snake:1)
  22 ugly things
  5 toenail golems (Volcano)
  2 guardian serpents
  20 elephants
  A centaur zombie (D:12)
  2 ice statues (IceCv)
  Maurice (D:11)
  25 black mambas
  A black mamba (shapeshifter) (Depths:1)
  10 naga magi
  3 merfolk sirens
  12 spiny frogs
  5 rime drakes
  A kobold demonologist (D:15)
  An efreet (D:15)
  13 yaktaurs
  9 komodo dragons
  A redback zombie (D:15)
  2 tengu conjurers (D:14)
  A queen bee (Lair:3)
  7 trolls
  3 hornets
  A hornet (shapeshifter) (D:15)
  12 polar bears
  5 merfolk (Shoals:1)
  3 wind drakes (Lair:6)
  5 snapping turtles
  A blink frog (shapeshifter) (D:15)
  3 slime creatures
  A wolf spider simulacrum (D:14)
  19 dream sheep
  13 blink frogs
  A meliai zombie (D:13)
  13 hippogriffs
  3 air elementals
  A centaur simulacrum (D:14)
  10 humans (D:14)
  3 basilisks
  2 spriggans (shapeshifter)
  7 wyverns
  3 fire elementals
  3 fire bats (Lair:5)
  A wraith (D:15)
  5 water elementals
  Grum (D:8)
  30 yaks
  A golden eye (Abyss:3)
  4 vampire mosquitoes (D:12)
  3 hungry ghosts
  A steam dragon (D:14)
  25 nagas
  6 wargs
  2 acid dragons
  A soldier ant (D:15)
  20 water moccasins
  10 porcupines
  2 slaves (D:6)
  30 orc warriors
  13 ice beasts
  4 sky beasts
  5 black bears
  2 phantoms
  A boggart (Depths:2)
  An eye of draining (D:13)
  A necrophage (D:12)
  10 centaurs
  23 ogres
  17 wolves
  14 crocodiles
  2 big kobolds
  5 small abominations (Abyss:3)
  19 bullfrogs
  2 gnoll sergeants
  4 earth elementals
  A wyvern skeleton (D:8)
  5 scorpions
  34 killer bees
  8 wights
  2 electric eels
  12 crimson imps
  2 bullfrog zombies
  2 howler monkeys
  3 lava snakes
  4 jellies
  3 bullfrog skeletons
  A wyvern simulacrum (D:14)
  6 hounds
  A centaur skeleton (D:11)
  16 orc priests
  6 iguanas
  19 orc wizards
  4 worker ants
  6 big kobold zombies (Ossuary)
  A hound skeleton (D:6)
  A mummy (Ossuary)
  A worker ant zombie (D:10)
  8 gnolls
  10 adders
  2 shadow imps
  3 white imps (D:14)
  An ufetubus (D:14)
  An adder skeleton (D:5)
  2 worms
  11 leopard geckos
  81 orcs
  4 spectral bats (Ossuary)
  5 giant cockroaches
  9 goblins
  9 hobgoblins
  2 jackals (D:1)
  9 quokkas
  2 ball pythons
  11 bats
  4 frilled lizards
  6 gnoll zombies (Ossuary)
  A goblin simulacrum (Ossuary)
  3 goblin zombies (Ossuary)
  5 hobgoblin zombies (Ossuary)
  10 kobolds
  4 kobold simulacra (Ossuary)
  7 kobold zombies (Ossuary)
  3 orc zombies (Ossuary)
  5 rats
  4 rat simulacra (Ossuary)
  2 spectral goblins (Ossuary)
  3 spectral kobolds (Ossuary)
  3 spectral rats (Ossuary)
  7 fungi
  A macabre mass (Abyss:3)
  8 plants
1191 creatures vanquished.

Vanquished Creatures (collateral kills)
  A hydra (Lair:4)
1 creature vanquished.

Vanquished Creatures (others)
  A deep elf mage (Elf:1)
  A human (D:14)
  An ogre (Depths:2)
  A wight (D:6)
  An ufetubus (D:14)
  An orc (Orc:1)
  16 fungi
  9 plants
31 creatures vanquished.

Grand Total: 1223 creatures vanquished

Notes
Turn   | Place    | Note
-------+----------+-------------------------------------------
     0 | D:1      | Curus the Hill Orc Fighter began the quest for the Orb.
     0 | D:1      | Reached XP level 1. HP: 19/19 MP: 1/1
    45 | D:1      | Reached skill level 3 in Axes
   155 | D:1      | Reached XP level 2. HP: 26/26 MP: 2/2
   236 | D:1      | Reached skill level 4 in Axes
   623 | D:2      | Found a white marble altar of Elyvilon.
   654 | D:2      | Reached XP level 3. HP: 30/31 MP: 3/3
   820 | D:2      | Reached skill level 5 in Axes
  1259 | D:2      | Found a sparkling altar of Nemelex Xobeh.
  1259 | D:2      | Found a shattered altar of Ashenzari.
  1260 | D:2      | Found a glowing golden altar of the Shining One.
  1462 | D:3      | Found a shadowy altar of Dithmenos.
  1712 | D:3      | Reached XP level 4. HP: 36/39 MP: 4/4
  1736 | D:3      | Reached skill level 6 in Axes
  1781 | D:3      | Found an ancient bone altar of Kikubaaqudgha.
  2166 | D:3      | Reached XP level 5. HP: 34/45 MP: 5/5
  2233 | D:3      | Reached skill level 7 in Axes
  2522 | D:4      | Found Emutiar's Gadget Boutique.
  2582 | D:4      | Found a stormy altar of Qazlal.
  2955 | D:4      | Reached skill level 8 in Axes
  2955 | D:4      | Reached XP level 6. HP: 28/51 MP: 6/6
  3234 | D:5      | Entered Level 5 of the Dungeon
  3269 | D:5      | Reached skill level 9 in Axes
  3412 | D:5      | Found a staircase to the Ecumenical Temple.
  3421 | Temple   | Entered the Ecumenical Temple
  3454 | Temple   | Became a worshipper of Warmaster Okawaru
  3539 | D:5      | Reached XP level 7. HP: 57/57 MP: 7/7
  3563 | D:5      | Reached skill level 10 in Axes
  3906 | D:5      | Reached * piety under Okawaru
  4008 | D:5      | Found a shimmering altar of Xom.
  4028 | D:5      | Reached skill level 11 in Axes
  4507 | D:6      | Reached XP level 8. HP: 56/64 MP: 8/8
  4741 | D:6      | Noticed Pikel
  4788 | D:6      | Killed Pikel
  4788 | D:6      | Reached skill level 13 in Axes
  4926 | D:6      | Reached ** piety under Okawaru
  5112 | D:6      | Reached XP level 9. HP: 70/70 MP: 9/9
  5128 | D:6      | Reached skill level 14 in Axes
  5152 | D:6      | Found a sparkling altar of Nemelex Xobeh.
  5906 | D:7      | Reached skill level 15 in Axes
  6050 | D:7      | Found a hazy altar of Hepliaklqana.
  6117 | D:7      | Reached *** piety under Okawaru
  6179 | D:7      | Reached skill level 16 in Axes
  6593 | D:8      | Found a sand-covered staircase.
  6601 | Ossuary  | Entered an ossuary
  6686 | Ossuary  | Reached XP level 10. HP: 77/77 MP: 10/10
  6745 | Ossuary  | Gained mutation: You are agile. (Dex +2) [potion of
                  | mutation]
  6745 | Ossuary  | Gained mutation: You possess an exceptional clarity of
                  | mind. [potion of mutation]
  6745 | Ossuary  | Gained mutation: You have large cloven feet. [potion of
                  | mutation]
  6998 | D:8      | Noticed Grum
  6999 | D:8      | Reached skill level 17 in Axes
  7195 | D:8      | Found an opulent altar of Gozag.
  7287 | D:8      | Reached **** piety under Okawaru
  7288 | D:8      | Identified the +5 scale mail of the King of the Hill {Harm
                  | rC+++ Str+2 Dex-2}
  7323 | D:8      | Killed Grum
  7402 | D:8      | Found a runed translucent gate.
  7402 | D:8      | Noticed DerDa's ghost (novice GrFi)
  7403 | D:8      | Found a runed translucent gate.
  7403 | D:8      | Identified the cursed +0 flail of Extinguishment {vamp,
                  | rElec rC+ Str+4}
  7404 | D:8      | Found a roughly hewn altar of Beogh.
  7404 | D:8      | Found a runed translucent gate.
  7631 | D:8      | Found a radiant altar of Vehumet.
  7632 | D:8      | Found a burning altar of Makhleb.
  7909 | D:9      | Found a blossoming altar of Fedhas.
  8192 | D:9      | Reached skill level 18 in Axes
  8822 | D:10     | Entered Level 10 of the Dungeon
  8832 | D:10     | Reached ***** piety under Okawaru
  8910 | D:10     | Noticed a two-headed ogre
  8916 | D:10     | Killed a two-headed ogre
  8916 | D:10     | Reached skill level 19 in Axes
  8926 | D:10     | Reached XP level 11. HP: 36/82 MP: 11/11
  9274 | D:10     | Received a gift from Okawaru
  9310 | D:10     | Found a white marble altar of Elyvilon.
  9347 | D:10     | Reached skill level 20 in Axes
  9363 | D:10     | Killed an unseen horror
  9401 | D:10     | Killed an unseen horror
  9514 | D:10     | Reached skill level 5 in Fighting
  9526 | D:10     | Reached skill level 5 in Armour
 10238 | D:10     | Noticed a manticore
 10246 | D:10     | Killed a manticore
 10355 | D:11     | Found a staircase to the Lair.
 10388 | D:11     | Noticed a purple ugly thing
 10406 | D:11     | Killed a purple ugly thing
 10478 | D:11     | Got a scintillating glass ring
 10479 | D:11     | Noticed Gastronok
 10495 | D:11     | Killed Gastronok
 10495 | D:11     | Received a gift from Okawaru
 10495 | D:11     | Reached ****** piety under Okawaru
 10495 | D:11     | Reached XP level 12. HP: 73/101 MP: 10/12
 10517 | D:11     | Identified the ring of Acaleon {rN++ MR+ Int+3 Dex-5
                  | Slay+4} (You found it on level 11 of the Dungeon)
 10567 | D:11     | Noticed a seven-headed hydra
 10589 | D:11     | Killed an 11-headed hydra
 10603 | D:11     | Noticed a six-headed hydra
 10611 | D:11     | Killed a ten-headed hydra
 10667 | D:11     | Noticed Maurice
 10828 | D:11     | You fall into a shaft and drop 1 floor!
 10923 | D:12     | Found a staircase to the Orcish Mines.
 11129 | D:11     | Killed Maurice
 11387 | Lair:1   | Entered Level 1 of the Lair of Beasts
 11433 | Lair:1   | Noticed a seven-headed hydra
 11441 | Lair:1   | Killed a ten-headed hydra
 11441 | Lair:1   | Reached skill level 1 in Evocations
 12196 | Lair:2   | Reached skill level 5 in Invocations
 12264 | Lair:2   | Received a gift from Okawaru
 12267 | Lair:2   | Got an ebony longbow {god gift}
 12329 | Lair:2   | Noticed Erica
 12336 | Lair:2   | Killed Erica
 12408 | Lair:2   | Noticed a four-headed hydra
 12415 | Lair:2   | Killed a nine-headed hydra
 12415 | Lair:2   | Reached skill level 5 in Evocations
 12744 | Lair:2   | Reached XP level 13. HP: 108/111 MP: 18/18
 12750 | Lair:2   | Found a dark tunnel.
 12771 | Volcano  | Entered a volcano
 12785 | Volcano  | Received a gift from Okawaru
 12805 | Volcano  | Reached skill level 10 in Fighting
 13570 | Lair:3   | Reached skill level 10 in Armour
 13765 | Lair:3   | Found a staircase to the Snake Pit.
 13808 | Lair:3   | Noticed Fannar
 13817 | Lair:3   | Killed Fannar
 13890 | Lair:3   | Received a gift from Okawaru
 13891 | Lair:3   | Got a faintly glowing executioner's axe {god gift}
 13892 | Lair:3   | Identified the +3 executioner's axe "Orb Guardian's Doom"
                  | {protect, rN+ Str-4 Dex+6} (Okawaru gifted it to you on
                  | level 3 of the Lair of Beasts)
 13980 | Lair:3   | Noticed Urug
 13987 | Lair:3   | Killed Urug
 14657 | Lair:4   | Received a gift from Okawaru
 14677 | Lair:4   | Reached XP level 14. HP: 48/127 MP: 19/19
 14822 | Lair:4   | Found a frozen archway.
 14884 | IceCv    | Entered an ice cave
 14885 | IceCv    | Found a transporter.
 14921 | IceCv    | Found a transporter.
 15160 | Lair:4   | Found a staircase to the Shoals.
 15230 | Lair:4   | Got an agate-studded chain mail
 15687 | Lair:3   | Identified the cursed +1 chain mail "Coarr" {*Slow rElec
                  | rC+ Stlth+} (You found it on level 4 of the Lair of Beasts)
 16883 | Lair:5   | Received a gift from Okawaru
 16891 | Lair:5   | Got a polished war axe {god gift}
 17114 | Lair:5   | Found a viscous altar of Jiyva.
 17115 | Lair:5   | Found a staircase to the Slime Pits.
 17200 | Lair:5   | Identified the +4 war axe of Bankruptcy {antimagic, MR++}
                  | (Okawaru gifted it to you on level 5 of the Lair of Beasts)
 17202 | Lair:6   | Entered Level 6 of the Lair of Beasts
 17509 | Lair:6   | Received a gift from Okawaru
 17510 | Lair:6   | Got an ivory battleaxe {god gift}
 17707 | Lair:6   | Reached skill level 15 in Fighting
 17816 | Lair:6   | Reached XP level 15. HP: 129/141 MP: 20/20
 17923 | Lair:6   | Received a gift from Okawaru
 18065 | Lair:6   | Got a pitted battleaxe
 18764 | D:8      | Killed DerDa's ghost
 18867 | D:9      | Identified the +9 battleaxe "Ceotaic" {vorpal, rC+ Str+5}
                  | (You found it on level 6 of the Lair of Beasts)
 18904 | D:10     | Identified the +10 battleaxe "Noax" {elec, MR+ Dex+3}
                  | (Okawaru gifted it to you on level 6 of the Lair of Beasts)
 19305 | Orc:1    | Entered Level 1 of the Orcish Mines
 19306 | Orc:1    | Found Xeufomo's Book Shoppe.
 19520 | Orc:2    | Entered Level 2 of the Orcish Mines
 19592 | Orc:2    | Found Tammiepn's Distillery.
 19691 | Orc:2    | Bought a potion of curing for 33 gold pieces
 19691 | Orc:2    | Bought a potion of haste for 110 gold pieces
 19691 | Orc:2    | Bought a potion of heal wounds for 55 gold pieces
 19691 | Orc:2    | Bought a potion of berserk rage for 55 gold pieces
 19691 | Orc:2    | Bought a potion of flight for 33 gold pieces
 19886 | Orc:2    | Found a roughly hewn altar of Beogh.
 19887 | Orc:2    | Found a staircase to the Elven Halls.
 19936 | Orc:1    | Noticed an orc warlord
 20195 | Orc:2    | Received a gift from Okawaru
 20196 | Orc:2    | Found the +8 Wrath of Trog {antimagic, *Rage}
 20430 | Orc:2    | Found Talintex's Antique Armour Emporium.
 20430 | Orc:2    | Found Wuuqoav's Food Boutique.
 20432 | Orc:2    | Found Onuif's Antique Armour Emporium.
 20432 | Orc:2    | Found Jore's Gadget Boutique.
 20440 | Orc:2    | Bought a shiny helmet for 202 gold pieces
 20468 | Orc:2    | Bought a distressingly furry plate armour for 728 gold
                  | pieces
 20481 | Orc:2    | Identified the +1 plate armour "Hatuaj" {rN++} (You bought
                  | it in a shop on level 2 of the Orcish Mines)
 21354 | D:13     | You fall into a shaft and drop 1 floor!
 21463 | D:14     | Found an opulent altar of Gozag.
 21511 | D:14     | Noticed Snorg
 21524 | D:14     | Killed Snorg
 21789 | D:14     | Reached skill level 21 in Axes
 21951 | D:14     | Reached XP level 16. HP: 151/151 MP: 22/22
 22253 | D:13     | Found a portal to a secret trove of treasure.
 22333 | D:14     | Received a gift from Okawaru
 22367 | D:14     | Found a gate to the Vaults.
 22411 | D:14     | You fall into a shaft and drop 1 floor!
 22411 | D:15     | Entered Level 15 of the Dungeon
 22645 | D:15     | Noticed a storm dragon
 22648 | D:15     | a storm dragon changed into a six-headed hydra
 22789 | D:15     | Found a staircase to the Depths.
 22799 | D:15     | Received a gift from Okawaru
 22800 | D:15     | Got an opal-encrusted plate armour {god gift}
 22811 | D:15     | Identified the +5 plate armour "Uqarr" {rF+ rC+ rN+ rCorr}
                  | (Okawaru gifted it to you on level 15 of the Dungeon)
 23138 | D:15     | Reached skill level 10 in Evocations
 24253 | Elf:1    | Entered Level 1 of the Elven Halls
 24260 | Elf:1    | Reached skill level 22 in Axes
 24747 | Elf:1    | Found Imoip's Antique Armour Shoppe.
 24764 | Elf:1    | Received a gift from Okawaru
 25294 | Elf:1    | Reached XP level 17. HP: 110/158 MP: 25/25
 25298 | Elf:1    | Reached skill level 23 in Axes
 25595 | Snake:1  | Entered Level 1 of the Snake Pit
 26125 | Snake:1  | Received a gift from Okawaru
 26415 | Snake:1  | Found Uvinegav's Jewellery Boutique.
 26415 | Snake:1  | Found Suecepeu's Gadget Emporium.
 26416 | Snake:1  | Found Vennarig's Gadget Emporium.
 26423 | Snake:1  | Bought an uncursed ring of resist corrosion for 260 gold
                  | pieces
 26423 | Snake:1  | Bought a cursed ring of teleportation for 58 gold pieces
 26423 | Snake:1  | Bought an uncursed ring of protection from magic for 325
                  | gold pieces
 26425 | Snake:1  | Bought a wand of acid (10) for 504 gold pieces
 27461 | Snake:2  | Received a gift from Okawaru
 27640 | Snake:2  | Found Ymurruz's Jewellery Emporium.
 27750 | Snake:2  | Reached skill level 24 in Axes
 27798 | Snake:3  | Found a hazy altar of Hepliaklqana.
 28013 | Snake:3  | Found a blossoming altar of Fedhas.
 28339 | Snake:3  | Noticed Aizul
 28352 | Snake:3  | Killed Aizul
 28799 | Snake:3  | Received a gift from Okawaru
 29729 | Elf:2    | Reached XP level 18. HP: 147/166 MP: 27/27
 29776 | Elf:2    | Reached skill level 25 in Axes
 30419 | Depths:1 | Entered Level 1 of the Depths
 30422 | Depths:1 | Found a gateway to Hell.
 30428 | Depths:1 | Found Ovaph's Assorted Antiques.
 30431 | Depths:1 | Bought a granite ring for 220 gold pieces
 30431 | Depths:1 | Bought a glowing bronze wand for 176 gold pieces
 30948 | Depths:1 | Found Idyisop's Antique Weapon Emporium.
 31092 | Depths:1 | Found Manuclogh's Magic Scroll Emporium.
 31100 | Depths:1 | Bought a scroll of teleportation for 51 gold pieces
 31100 | Depths:1 | Bought a scroll of enchant armour for 127 gold pieces
 31112 | Depths:1 | Noticed Saint Roka
 31131 | Depths:1 | Killed Saint Roka
 31372 | Depths:1 | Found a one-way gate to the infinite horrors of the Abyss.
 31451 | Depths:1 | Found Alomuru's Armour Shop.
 32004 | Depths:2 | Reached skill level 26 in Axes
 32017 | Depths:2 | Reached skill level 15 in Armour
 32446 | Depths:2 | Received a gift from Okawaru
 33288 | Depths:1 | HP: 8/168 [poisoned by a green very ugly thing]
 33293 | Depths:1 | HP: 6/168 [poisoned by a green very ugly thing]
 33299 | Depths:1 | HP: 4/168 [poisoned by a green very ugly thing]
 33304 | Depths:1 | HP: 4/168 [poisoned by a green very ugly thing]
 33311 | Depths:1 | HP: 5/168 [poisoned by a green very ugly thing]
 33319 | Depths:1 | HP: 6/168 [poisoned by a green very ugly thing]
 34042 | Elf:2    | Identified Vucsomm's Volume of Attacks
 34096 | Elf:2    | Received a gift from Okawaru
 34381 | Elf:2    | Reached XP level 19. HP: 159/177 MP: 28/28
 34744 | Elf:2    | Found a runed translucent gate.
 34744 | Elf:2    | Found a runed translucent gate.
 34744 | Elf:2    | Found a runed translucent gate.
 35215 | Elf:2    | Received a gift from Okawaru
 35334 | Elf:2    | Got an ichor-stained broad axe {god gift}
 35754 | D:11     | Identified the +2 broad axe of Infinite Pain {elec, *Drain
                  | rElec Str+3} (Okawaru gifted it to you on level 2 of the
                  | Elven Halls)
 35835 | Shoals:1 | Entered Level 1 of the Shoals
 36822 | Shoals:2 | Cast into level 3 of the Abyss (merfolk)
 36835 | Abyss:3  | Gained mutation: Your spells are a little harder to cast,
                  | but a little more powerful. [a shining eye]
 36853 | Abyss:3  | Received a gift from Okawaru
 36858 | Abyss:3  | Slain by an enormous slime creature

Illustrated notes

Levels and vault maps discovered:
D:1:      matt_arrival_refuge, layout_basic, minmay_misc_feat_enclosed,
          item_on_display_a
D:2:      layout_basic, elyvilon_altar_4, gammafunk_temple_overflow_claw
D:3:      minmay_bubble_buster, layout_loops_corners, old_standard_altar,
          old_standard_altar, first_ration
D:4:      layout_cave_pools, nicolae_overflow_crystal_walls, serial_shops,
          shop_statue, minivault_5
D:5:      layout_layer_cave, led_xom_imps, lemuel_temple_firewalk_b,
          fountainhead, kennysheep_small_square
D:6:      layout_basic, basic_altar, uniq_pikel
D:7:      layout_basic, old_standard_altar
D:8:      layout_basic, grunt_temple_overflow_lords_of_destruction,
          kennysheep_mini, biasface_ghost_orc_armoury,
          chequers_ossuary_entry_cave, blue_anna_alchemist
          [blue_anna_fruit_fields, blue_anna_fruit_fields], uniq_grum
D:9:      layout_loops_ring, lemuel_doored_altar
D:10:     layout_basic, basic_altar
D:11:     layout_rooms, erik_lair_orcish_takeover,
          hangedman_decor_diamond_cutter, uniq_maurice, uniq_gastronok
D:12:     layout_rooms, orc_0_dummy, grunt_ministairs_7,
          nrook_guardian_serpent_ordinary
D:13:     layout_big_octagon, trove_entry_hex_spiral
D:14:     wander_river, layout_irregular_city, ximxim_vaults_locker_room,
          serial_ice, serial_ice_o, serial_ice_i, serial_ice_e, serial_ice_h,
          nicolae_gozag_cash_rules_everything_around_me, uniq_snorg
D:15:     gammafunk_enter_depths_forms, layout_basic
Temple:   compressed_dpeg_triangle_lava_temple
Lair:1:   layout_regular_city
Lair:2:   layout_loops_ring, nicolae_volcano_entry_hallway, grunt_megastairs_3,
          uniq_erica
Lair:3:   layout_loops_ring, dummy_snake_entry, special_room [special_room_bee],
          uniq_urug, uniq_fannar
Lair:4:   layout_long_grid, shoals_dummy_entry, portal_ice_cave_entry_pillars_2,
          disabler_island, serial_bayou_shore_a, serial_bayou_shore_b,
          serial_bayou_shore_b, serial_bayou_shore_b, lemuel_fruit_tree
Lair:5:   layout_gridlike, dpeg_slime_entry_enclosed_altar,
          infiniplex_staircase_pool
Lair:6:   gammafunk_lair_ancient_temple, layout_loops_ring
Shoals:1: cheibrodos_shoals_baths, layout_shoals
Shoals:2: layout_shoals, serial_shops, nicolae_shop_stone
Snake:1:  layout_misc_corridors, minmay_shop_grove
Snake:2:  layout_gridlike, minmay_shop_enchanted_jewellery,
          guppyfry_snake_island
Snake:3:  layout_grid_shapes, special_room, hangedman_feature_mirror,
          grunt_ministairs_10, uniq_aizul
Orc:1:    layout_caves, serial_shops, shop
Orc:2:    grunt_orc_tribal_feast, layout_caves, basic_altar, serial_shops, shop
Elf:1:    layout_rooms, serial_shops, nicolae_shop_trees,
          kennysheep_underground_church
Elf:2:    layout_geoelf_octagon, minmay_elf_annihilation
Depths:1: layout_roguey, hell_entry, minmay_misc_feat_plants, serial_shops,
          shop, shop, nicolae_shop_behind_doors, shop, abyss_entry,
          lemuel_another_geyser, uniq_saint_roka
Depths:2: minmay_expanding_squares, layout_long_grid, rand_demon_pan_entry_8,
          serial_sigils_hangedman_shear, hangedman_coc_ice_floe,
          uniq_bai_suzhen, uniq_enchantress
Abyss:3:  base: D:11, hangedman_abyss_rune_macabre_mess

Skill      XL: |  1  2  3  4  5  6  7  8  9 10 11 12 13 14 15 16 17 18 19 |
---------------+----------------------------------------------------------+-----
Axes           | 3 4 5 6 8 9 11 13 16 19 20 21 22 24 26 | 26.0
Fighting       | 8 9 12 15 17 18 | 18.4
Armour         | 7 8 11 14 15 17 | 17.1
Invocations    | 7 |  7.6
Evocations     | 5 8 11 12 | 12.9
Shields        | |  3.2

Action                   |  1- 3 |  4- 6 |  7- 9 | 10-12 | 13-15 | 16-18 | 19-21 || total
-------------------------+-------+-------+-------+-------+-------+-------+-------++-------
Melee: War axe           |   127 |   126 |   129 |       |       |       |       ||   382
       Battleaxe         |       |       |   186 |   518 |   272 |   123 |       ||  1099
       Kick              |       |       |       |   167 |    90 |       |       ||   257
       Executioner's axe |       |       |       |       |   736 |   881 |   266 ||  1883
Invok: Heroism           |       |       |       |     4 |     1 |     6 |     1 ||    12
       Finesse           |       |       |       |       |       |       |     1 ||     1
Evoke: Wand              |       |       |       |     4 |     8 |     5 |     1 ||    18
       Phantom mirror    |       |       |       |       |     1 |       |       ||     1
  Use: Potion            |     6 |     5 |     1 |     5 |     5 |     5 |     1 ||    28
       Scroll            |     6 |     2 |     6 |     5 |    12 |    11 |     2 ||    44
 Stab: Invisible         |     1 |       |       |       |       |       |       ||     1
       Distracted        |       |       |       |       |     1 |       |       ||     1
  Eat: Chunk             |     3 |     6 |     8 |    20 |    27 |    24 |     8 ||    96
       Ration            |       |       |     1 |     1 |     1 |     5 |       ||     8
Armor: Scale mail        |    51 |    43 |    24 |       |       |       |       ||   118
       Plate armour      |       |       |   131 |   268 |   900 |   561 |   162 ||  2022
Dodge: Dodged            |    30 |    32 |    62 |   117 |   392 |   337 |    81 ||  1051
       Repelled          |       |       |       |       |    13 |    74 |    16 ||   103
Block: Kite shield       |    61 |    73 |    39 |       |       |       |       ||   173
       Other             |       |       |       |       |       |    62 |    53 ||   115
       Reflection        |       |       |       |       |       |    16 |     6 ||    22
